 Dungeon Crawl Stone Soup version 0.19.5 (webtiles) character file.

978 Zhenya24pyc the Cudgeler (level 8, -1/48 HPs)
             Began as a Gargoyle Fighter on May 3, 2017.
             Killed by divine providence
             ... invoked by an orc priest
              (13 damage)
             ... on level 5 of the Dungeon.
             The game lasted 00:06:42 (4433 turns).

Zhenya24pyc the Cudgeler (Gargoyle Fighter)         Turns: 4433, Time: 00:06:43

Health: -1/48      AC: 13    Str: 22    XL:     8   Next: 17%
Magic:  8/8        EV:  8    Int:  9    God:
Gold:   322        SH:  9    Dex:  9    Spells: 0 memorised, 7 levels left

rFire  . . .     SeeInvis .     w - +2 mace (crush)
rCold  . . .     Gourm    .     b - +0 scale mail
rNeg   + . .     Faith    .     c - +0 shield
rPois  ∞         Spirit   .     (no helmet)
rElec  +         Reflect  .     (no cloak)
rCorr  .         Harm     .     (no gloves)
MR     .....                    u - +0 pair of boots
Stlth  ..........               (no amulet)
                                (no ring)
                                (no ring)

@: no status effects
A: negative energy resistance 1, electricity resistance, unbreathing,
petrification resistance, rot immunity, AC +5
a: no special abilities


You were on level 5 of the Dungeon.
You were not hungry.

You visited 1 branch of the dungeon, and saw 5 of its levels.

You collected 322 gold pieces.

Inventory:

Hand Weapons
 w - a +2 mace of crushing (weapon)
Armour
 b - a +0 scale mail (worn)
 c - a +0 shield (worn)
 u - a +0 pair of boots (worn)
Scrolls
 e - a scroll of fear {unknown}
 h - 2 scrolls of magic mapping {unknown}
 i - 4 scrolls of amnesia {unknown}
 j - a scroll of fog {unknown}
 q - 3 scrolls of identify {unknown}
 s - 2 scrolls of remove curse {unknown}
 v - a scroll of recharging {unknown}
Potions
 k - a potion of mutation {unknown}
 l - a potion of curing {unknown}
 m - a potion of cure mutation {unknown}
 n - a potion of cancellation {unknown}
 o - a potion of flight {unknown}
 p - 2 potions of agility {unknown}
 t - 2 potions of beneficial mutation {unknown}
Books
 r - Jessica's Disquisition on Orientation
   (You found it on level 3 of the Dungeon)

   Spells                             Type                      Level
   a - Shroud of Golubria             Charms/Translocation         2
Comestibles
 d - 3 chunks of flesh
 f - 2 bread rations
 g - 3 meat rations


   Skills:
 + Level 4.5 Fighting
 * Level 7.2 Maces & Flails
 + Level 4.6 Armour
 + Level 2.3 Dodging
 + Level 4.5 Shields


You had 7 spell levels left.
You didn't know any spells.

Dungeon Overview and Level Annotations

Branches:
Dungeon (5/15)
 Temple: D:4-7

Altars:

Shops:
D:4 =


Innate Abilities, Weirdness & Mutations

You are resistant to torment.
Your stone body is resilient. (AC +5)
You are immune to poison.
You resist negative energy. (rN+)
You are resistant to electric shocks. (rElec)
You can survive without breathing.
You are immune to petrification.
You are immune to rotting.


Message History

The orc priest looks encouraged for a moment.
You sock the orc priest!
You kill the orc priest!
The gnoll hits you from afar with a halberd of protection.
* * * LOW HITPOINT WARNING * * *
The orc priest mumbles some strange prayers to Beogh against you.
Something hits you but does no damage.
You barely miss something. The gnoll hits you but does no damage.
Something hits you but does no damage. The orc barely misses you.
You miss something. You block something's attack.
The orc priest begins to cast a cantrip, but forgets the words!
The gnoll hits you but does no damage.
The orc hits you from afar with a trident.
* * * LOW HITPOINT WARNING * * *
You hear some strange, mumbled words.
A puff of flame appears from out of thin air!
The puff of flame misses you.
The orc priest calls down the wrath of Beogh upon you.
Beogh smites you!
You die... ..... ..... ... ##.# .ro

.#.# # #o# .#.#
#.##o### ...# ####
#..ogo.# ....
...###.##)### #..#
#......##@#
#..##+##......##.#
#))...+.......#.#
#)#...#)......#.#
#.#...#)).....#.#
#.#.<..>).....#.#
#..#+###...##.#.#
###
##.#.###.[.##.#.#
#<#
#....##........#
#.#


You could see an orc priest, a gnoll, 4 orcs and a quokka.

Vanquished Creatures
  A hippogriff (D:5)
  An ogre (D:4)
  A gnoll sergeant (D:4)
  A crimson imp (D:3)
  A hound (D:4)
  2 orc priests
  A gnoll shaman (D:5)
  2 orc wizards (D:4)
  Jessica (D:3)
  Natasha (thrice) (D:2)
  A worker ant (D:4)
  13 gnolls
  2 adders
  A shadow imp (D:4)
  3 oozes
  3 worms
  A dart slug (D:2)
  3 leopard geckos
  28 orcs
  6 giant cockroaches
  8 goblins
  12 hobgoblins
  6 jackals (D:1)
  3 quokkas
  3 ball pythons
  8 bats
  2 frilled lizards
  8 kobolds
  A leopard gecko skeleton (D:5)
  11 rats
137 creatures vanquished.

Notes
Turn   | Place    | Note
-------+----------+-------------------------------------------
     0 | D:1      | Zhenya24pyc the Gargoyle Fighter began the quest for the Orb.
     0 | D:1      | Reached XP level 1. HP: 14/14 MP: 1/1
   244 | D:1      | Reached XP level 2. HP: 13/19 MP: 2/2
   267 | D:1      | Reached skill level 3 in Maces & Flails
   832 | D:1      | Reached XP level 3. HP: 23/23 MP: 3/3
  1331 | D:2      | Reached skill level 4 in Maces & Flails
  1386 | D:2      | Reached XP level 4. HP: 24/28 MP: 4/4
  1679 | D:2      | Noticed Natasha
  1691 | D:2      | Killed Natasha
  1691 | D:2      | Reached skill level 5 in Maces & Flails
  1691 | D:2      | Reached XP level 5. HP: 14/32 MP: 5/5
  2098 | D:2      | Noticed Natasha
  2104 | D:2      | Killed Natasha
  2234 | D:2      | Noticed Natasha
  2241 | D:2      | Killed Natasha
  2638 | D:3      | Reached XP level 6. HP: 33/37 MP: 6/6
  2954 | D:3      | Noticed Jessica
  2957 | D:3      | Killed Jessica
  2977 | D:3      | Identified Jessica's Disquisition on Orientation
  3155 | D:4      | Found Ytium's Jewellery Emporium.
  3161 | D:4      | Reached skill level 6 in Maces & Flails
  3161 | D:4      | Reached skill level 1 in Dodging
  3708 | D:4      | Reached XP level 7. HP: 40/42 MP: 7/7
  4095 | D:5      | Entered Level 5 of the Dungeon
  4104 | D:5      | Noticed a hippogriff
  4115 | D:5      | Killed a hippogriff
  4115 | D:5      | Reached skill level 7 in Maces & Flails
  4115 | D:5      | Reached XP level 8. HP: 34/48 MP: 8/8
  4433 | D:5      | Killed from afar by an orc priest

Skill      XL: |  1  2  3  4  5  6  7 |
---------------+----------------------+-----
Maces & Flails | 3 4 5 6 7 |  7.2
Dodging        | 1 2 |  2.3
Shields        | 4 |  4.5
Fighting       | 4 |  4.5
Armour         | 4 |  4.6

Action                   |  1- 3 |  4- 6 |  7- 9 || total
-------------------------+-------+-------+-------++-------
Melee: Flail             |   168 |   238 |   127 ||   533
       Mace              |       |       |    27 ||    27
  Use: Potion            |       |       |     1 ||     1
  Eat: Chunk             |     2 |     8 |     2 ||    12
Armor: Scale mail        |   118 |   105 |   112 ||   335
Dodge: Dodged            |    70 |    72 |    50 ||   192
Block: Shield            |   108 |   125 |   118 ||   351
